[Event "*** Titled Tuesday Blitz"]
[Site "Chess.com"]
[Date "2020.05.26"]
[Round "8"]
[White "Mostii"]
[Black "HanSchut"]
[Result "1-0"]
[WhiteElo "2358"]
[BlackElo "2172"]
[TimeControl "180+1"]
[EndTime "11:39:00 PDT"]
[Termination "Mostii won by resignation"]

1. d4 Nf6 2. Nf3 g6 3. g3 Bg7 4. Bg2 O-O 5. O-O d5 6. b3 c5 7. Bb2 cxd4 8. Bxd4 Nc6 9. Bb2 Bf5 10. Nbd2 Rc8 11.
c4 Ne4 12. Bxg7 Kxg7 13. cxd5 Nc3 14. Qe1 Nb4 15. Nc4 Ne4 16. Qxb4 Qxd5 17. Rad1 Qe6 18. Nd4 Qf6 19. Nxf5+ gxf5 20. Bxe4 fxe4 21. Qxb7 Qg6 22. Qxa7 Rb8 23. Qd4+ f6 24. Qe3 e5 25. Rd7+ Kh8 26.
Rfd1 Rbe8 27. Qc5 Rf7 28. Rxf7 Qxf7 29. Qd5 Qg6 30. Nd6 Rf8 31. Qxe4 1-0

[Event "*** Titled Tuesday Blitz"]
[Site "Chess.com"]
[Date "2020.05.26"]
[Round "8"]
[White "suyu28"]
[Black "Superfelix"]
[Result "0-1"]
[WhiteElo "2605"]
[BlackElo "2485"]
[TimeControl "180+1"]
[EndTime "11:39:02 PDT"]
[Termination "Superfelix won by resignation"]

1. e4 c6 2. d4 g6 3. Nf3 d5 4.
Nc3 dxe4 5. Nxe4 Nf6 6. Bd3 Bg7 7. O-O O-O 8. c3 a5 9. Re1 Na6 10. Bg5 Nc7 11. Nxf6+ exf6 12. Bd2 a4 13. c4 Bg4 14. Bc3 b5 15. h3 Be6 16. d5 bxc4 17. dxe6 Qxd3 18.
e7 Rfe8 19. Nd4 c5 20. Nc6 Ra6 21. Na5 f5 22. Qxa4 Bxc3 23. bxc3 Qxc3 24. Qd7 Qxa5 25.
Rab1 Re6 26. Rxe6 fxe6 27. Rb7 Qe1+ 28. Kh2 Qe5+ 29. g3 Qe2 30. Kg1 Qe1+ 0-1

[Event "*** Titled Tuesday Blitz"]
[Site "Chess.com"]
[Date "2020.05.26"]
[Round "8"]
[White "Escanor89"]
[Black "archess2"]
[Result "1-0"]
[WhiteElo "2573"]
[BlackElo "2296"]
[TimeControl "180+1"]
[EndTime "11:39:03 PDT"]
[Termination "Escanor89 won by resignation"]

1. c4 c6 2. e3 d5 3. Nf3 Nf6 4. d4 Bg4 5. Nbd2 e6 6. Bd3 Nbd7 7.
h3 Bh5 8. Qc2 Bg6 9. b3 Bd6 10. O-O O-O 11. Bb2 Qe7 12. e4 dxe4 13. Nxe4 Nxe4 14. Bxe4 Bxe4 15. Qxe4 Nf6 16. Qe2 c5 17.
Rad1 cxd4 18. Bxd4 b6 19. Rd3 Bc5 20. Rfd1 Bxd4 21.
Nxd4 Qc5 22. Nf3 Qc7 23. Qe5 Qe7 24. Nd4 Nd7 25. Qc7 Rfc8 26. Nc6 Qc5 27. Qxd7 Rxc6 28. b4 1-0

[Event "*** Titled Tuesday Blitz"]
[Site "Chess.com"]
[Date "2020.05.26"]
[Round "8"]
[White "davidkalashian"]
[Black "Kostya26"]
[Result "1-0"]
[WhiteElo "2608"]
[BlackElo "2456"]
[TimeControl "180+1"]
[EndTime "11:39:08 PDT"]
[Termination "davidkalashian won by resignation"]

1. e4 c5 2. Nc3 Nc6 3. Nf3 e5 4. Bc4 Be7 5. d3 Nf6 6. Nd2 O-O 7.
Nf1 d6 8. Ne3 Be6 9. Ncd5 Rb8 10.
c3 Na5 11. O-O b5 12. Bb3 Nxb3 13. Nxf6+ Bxf6 14. axb3 Qd7 15. Ra6 Rb6 16. Ra5 Bg5 17. Nd5 Bxd5 18. exd5 Bxc1 19. Qxc1 f5 20. Qe3 f4 21.
Qf3 Rf7 22. Rfa1 Rb7 23. Ra6 g5 24. h3 Rg7 25. Qg4 Qxg4 26. hxg4 Rgd7 27. Kf1 Kf7 28. Ke2 Ke8 29. Kf3 Kf7 30. Ke4 Kf6 31. Rh1 Kg6 32. Rha1 Kf6 33. Rc6 Rbc7 34. Raa6 Ke7 35. Rxc7 Rxc7 36.
Kf5 h6 37. f3 Rd7 38. Kg6 Rc7 39. Kxh6 Kf6 40. Rxd6+ 1-0

[Event "*** Titled Tuesday Blitz"]
[Site "Chess.com"]
[Date "2020.05.26"]
[Round "8"]
[White "Sibelephant"]
[Black "Gabix_94"]
[Result "1/2-1/2"]
[WhiteElo "3167"]
[BlackElo "2932"]
[TimeControl "180+1"]
[EndTime "11:39:13 PDT"]
[Termination "Game drawn by repetition"]

1. c4 c5 2. Nc3 Nc6 3. g3 g6 4. Bg2 Bg7 5. Nf3 Nf6 6. d4 cxd4 7.
Nxd4 O-O 8. O-O Qa5 9. Nc2 d6 10. Bd2 Qh5 11. e4 Qxd1 12. Raxd1 Ne5 13. b3 Bd7 14.
Ne3 Rfc8 15. h3 Kf8 16. f4 Nd3 17. e5 dxe5 18. fxe5 Nxe5 19. Bxb7 Bxh3 20. Rf2 h5 21. Bxa8 Rxa8 22. Bc1 Nfg4 23. Nxg4 Bxg4 24. Rdf1 Bh3 25.
Rd1 Bg4 26. Rdf1 Bh3 27. Rd1 Bg4 1/2-1/2

[Event "*** Titled Tuesday Blitz"]
[Site "Chess.com"]
[Date "2020.05.26"]
[Round "8"]
[White "DanielDardha2005"]
[Black "TenisMaster"]
[Result "0-1"]
[WhiteElo "2652"]
[BlackElo "2822"]
[TimeControl "180+1"]
[EndTime "11:39:15 PDT"]
[Termination "TenisMaster won by checkmate"]

1. Nf3 d5 2. c4 e6 3. d4 Nf6 4.
Nc3 c6 5. e3 Nbd7 6. b3 Bd6 7.
Bb2 O-O 8. Be2 b6 9. O-O Bb7 10. Qc2 Rc8 11. Rac1 c5 12. Rfd1 cxd4 13. Nxd4 a6 14.
Nf3 Qe7 15. cxd5 exd5 16. Nd4 g6 17. g3 Ne4 18. Qb1 Ndf6 19. Nxe4 Nxe4 20. Rxc8 Rxc8 21.
Rc1 Re8 22. Qd3 Be5 23. Bf3 Qf6 24. Kg2 h5 25. h4 Qd6 26. Bxe4 dxe4 27. Qd2 Qf6 28. Rc2 Bc8 29. Ne2 Qf3+ 30. Kg1 Bh3 31. Qd8 Qg2# 0-1

[Event "*** Titled Tuesday Blitz"]
[Site "Chess.com"]
[Date "2020.05.26"]
[Round "8"]
[White "WiktoriaPOL"]
[Black "mr65"]
[Result "1/2-1/2"]
[WhiteElo "2003"]
[BlackElo "2161"]
[TimeControl "180+1"]
[EndTime "11:39:18 PDT"]
[Termination "Game drawn by repetition"]

1. c4 Nf6 2. Nc3 g6 3. g3 Bg7 4. Bg2 O-O 5. e4 d6 6. Nge2 c5 7. O-O Nc6 8. d3 Ne8 9. f4 Nc7 10. Be3 Ne6 11. f5 Ned4 12. g4 Nxe2+ 13. Qxe2 Nd4 14.
Qd2 f6 15. Ne2 Nxe2+ 16. Qxe2 e5 17. Qd2 g5 18. h4 h6 19. hxg5 hxg5 20. b4 b6 21. b5 a5 22. a4 Kf7 23. Kf2 Bd7 24.
Rh1 Qe7 25. Rh5 Rh8 26. Rah1 Rxh5 27. Rxh5 Rh8 28. Rxh8 Bxh8 29. Qe1 Bg7 30. Qh1 Qf8 31. Qh5+ Ke7 32. Bf3 Be8 33. Qh3 Qh8 34. Kg2 Qxh3+ 35. Kxh3 Bh6 36. Bd2 Bg7 37. Kg3 Bf7 38. Kf2 Be8 39. Bc3 Bd7 40. Ke3 Be8 41. Be2 Bd7 42.
Bf3 Be8 43. Be2 Bd7 44. Bf3 1/2-1/2

[Event "*** Titled Tuesday Blitz"]
[Site "Chess.com"]
[Date "2020.05.26"]
[Round "8"]
[White "rakshi2005"]
[Black "ThePatrick27"]
[Result "0-1"]
[WhiteElo "2324"]
[BlackElo "2554"]
[TimeControl "180+1"]
[EndTime "11:39:19 PDT"]
[Termination "ThePatrick27 won on time"]

1. e4 e5 2. Nf3 Nc6 3. Bc4 Bc5 4. O-O d6 5. d3 Nf6 6. c3 a6 7. Bb3 O-O 8. h3 h6 9. Re1 Ba7 10. Nbd2 Re8 11. Nf1 Be6 12. Ng3 Qd7 13. Nh4 Bxh3 14.
gxh3 Qxh3 15. Nhf5 Ng4 16. Re2 Ne7 17. Ne3 Nh2 18. Re1 Ng6 19. Qh5 Nh4 20. Bd1 Bxe3 0-1

[Event "*** Titled Tuesday Blitz"]
[Site "Chess.com"]
[Date "2020.05.26"]
[Round "8"]
[White "VincentKeymer"]
[Black "Oleksandr_Bortnyk"]
[Result "1-0"]
[WhiteElo "2848"]
[BlackElo "2972"]
[TimeControl "180+1"]
[EndTime "11:39:20 PDT"]
[Termination "VincentKeymer won by resignation"]

1. Nf3 Nf6 2. c4 b6 3. Nc3 Bb7 4. g3 g6 5. Bg2 Bg7 6. O-O O-O 7. d4 Ne4 8. Qd3 Nxc3 9. bxc3 Nc6 10. e4 Na5 11.
Be3 d6 12. Nd2 c5 13. d5 Qd7 14. a4 Rae8 15. f4 e6 16. dxe6 Qxe6 17. f5 Qe5 18. Rac1 Rd8 19. Bg5 f6 20. Bf4 Qe8 21. fxg6 hxg6 22.
Bh3 Qxa4 23. Be6+ Kh7 24. g4 Rde8 25. Qh3+ 1-0

[Event "*** Titled Tuesday Blitz"]
[Site "Chess.com"]
[Date "2020.05.26"]
[Round "8"]
[White "wannabe2700"]
[Black "ChessicallyInclined"]
[Result "1-0"]
[WhiteElo "2719"]
[BlackElo "2521"]
[TimeControl "180+1"]
[EndTime "11:39:22 PDT"]
[Termination "wannabe2700 won by resignation"]

1. e4 c5 2. d3 Nc6 3. Nc3 g6 4. f4 Bg7 5. Nf3 d6 6. g3 e5 7. Bg2 Nge7 8. O-O exf4 9. Bxf4 O-O 10. Qd2 d5 11. Bh6 Bg4 12. Bxg7 Kxg7 13. Qg5 Bxf3 14. Rxf3 f6 15. Qf4 Ne5 16. Rf2 d4 17. Nd5 Nxd5 18. exd5 Qd6 19. Re1 Rae8 20. Rfe2 b6 21. c3 dxc3 22.
bxc3 Rd8 23. d4 cxd4 24. cxd4 Nf7 25. Re7 a5 26. R1e6 Qxf4 27. gxf4 Rb8 28. d6 b5 29. Ra7 a4 30. Ree7 Rb6 31. Bd5 Rxd6 32. Bxf7 Kh6 33. Be6 1-0

[Event "*** Titled Tuesday Blitz"]
[Site "Chess.com"]
[Date "2020.05.26"]
[Round "8"]
[White "eightbyeightchess"]
[Black "Tlerus"]
[Result "0-1"]
[WhiteElo "2448"]
[BlackElo "2586"]
[TimeControl "180+1"]
[EndTime "11:39:22 PDT"]
[Termination "Tlerus won by resignation"]

1. e4 d5 2. exd5 Nf6 3. Bb5+ Bd7 4. Bc4 Bg4 5. f3 Bf5 6. Nc3 Nbd7 7. d4 Nb6 8. Bb5+ Bd7 9. Bd3 Nbxd5 10. Nge2 e6 11. Bg5 Be7 12. Qd2 Nb4 13. Bc4 a6 14. O-O-O b5 15. Bb3 a5 16. a3 a4 17. Ba2 Nxa2+ 18.
Nxa2 O-O 19. Bxf6 Bxf6 20. Nb4 Be7 21. d5 exd5 22. Qxd5 Bd6 23. Nc6 Bxc6 24. Qxc6 b4 25.
axb4 a3 26. bxa3 Rxa3 27. Kb2 Qf6+ 28. Kxa3 Bxb4+ 29. Kxb4 Qxc6 30. Nd4 Rb8+ 0-1

[Event "*** Titled Tuesday Blitz"]
[Site "Chess.com"]
[Date "2020.05.26"]
[Round "8"]
[White "PavelShkapenko"]
[Black "DonPreuss"]
[Result "1-0"]
[WhiteElo "2629"]
[BlackElo "2227"]
[TimeControl "180+1"]
[EndTime "11:39:22 PDT"]
[Termination "PavelShkapenko won by resignation"]

1. e4 Nc6 2. Nf3 d6 3. d4 g6 4. d5 Ne5 5. Nxe5 dxe5 6. c4 Bg7 7. Nc3 e6 8. Be2 exd5 9. cxd5 Ne7 10. O-O O-O 11.
Be3 f5 12. Bc5 f4 13. d6 cxd6 14. Qxd6 Qxd6 15. Bxd6 Re8 16. Bc4+ Kh8 17. Nb5 Bd7 18. Nc7 Nc6 19. Nxa8 Rxa8 20. Bd5 Nd4 21. Kh1 Bb5 22. Rfc1 Bc6 23. Bxc6 Nxc6 24. Rd1 Nd4 25. Rac1 Rd8 26.
Be7 Re8 27. Rc7 h6 28. Rxb7 Rc8 29. Bd6 Rc2 30. Rxg7 Kxg7 31. Bxe5+ 1-0

[Event "*** Titled Tuesday Blitz"]
[Site "Chess.com"]
[Date "2020.05.26"]
[Round "8"]
[White "CyberneticLion"]
[Black "Korchmar_Vasiliy"]
[Result "0-1"]
[WhiteElo "2443"]
[BlackElo "2576"]
[TimeControl "180+1"]
[EndTime "11:39:24 PDT"]
[Termination "Korchmar_Vasiliy won on time"]

1. e4 c5 2. c3 Nf6 3. e5 Nd5 4. d4 cxd4 5. cxd4 e6 6. Nf3 d6 7. Nc3 Nxc3 8. bxc3 Qc7 9. Bd2 Nd7 10. exd6 Bxd6 11. Bd3 O-O 12. O-O b6 13. Ng5 Nf6 14.
h4 Bb7 15. h5 h6 16. Nh3 e5 17.
Rc1 Rad8 18. f4 exd4 19. cxd4 Qd7 20. f5 Ba3 21. Rc3 Qxd4+ 22. Nf2 Bc5 23. Rb3 Qh4 24. Be2 Ne4 25. Rh3 Nxf2 0-1

[Event "*** Titled Tuesday Blitz"]
[Site "Chess.com"]
[Date "2020.05.26"]
[Round "8"]
[White "LiverpooL174"]
[Black "zmeeed67"]
[Result "1-0"]
[WhiteElo "2672"]
[BlackElo "2456"]
[TimeControl "180+1"]
[EndTime "11:39:25 PDT"]
[Termination "LiverpooL174 won by checkmate"]

1. Nf3 d5 2. b3 Nf6 3. Bb2 g6 4. e3 Bg7 5. c4 c6 6. Be2 O-O 7. O-O a5 8. d4 Bf5 9. Nc3 Ne4 10.
Rc1 Na6 11. Na4 Nd6 12. cxd5 cxd5 13. Ne5 Rc8 14. Bxa6 bxa6 15. Qe2 Nb5 16. Rxc8 Qxc8 17. Rc1 Qd8 18. Nc5 Qd6 19. a4 Nc7 20. Qd2 f6 21. Nf3 e5 22. dxe5 fxe5 23. Qxa5 Bg4 24. Ng5 Qf6 25.
f4 Qe7 26. Nce4 Ne6 27. Nxe6 Qxe6 28. Ng5 Qd7 29. Rc7 Qf5 30. Rxg7+ Kxg7 31. Bxe5+ Kh6 32. h3 Qb1+ 33. Kh2 Be2 34. Qd2 Qf1 35. Qxd5 Bd3 36.
Qd7 Rf5 37. Qxh7# 1-0

[Event "*** Titled Tuesday Blitz"]
[Site "Chess.com"]
[Date "2020.05.26"]
[Round "8"]
[White "GregShahade"]
[Black "Bigfish1995"]
[Result "0-1"]
[WhiteElo "2666"]
[BlackElo "3018"]
[TimeControl "180+1"]
[EndTime "11:39:29 PDT"]
[Termination "Bigfish1995 won by resignation"]

1. e4 c5 2. Nf3 d6 3. c3 Nf6 4. Bd3 g5 5. O-O g4 6. Ne1 h5 7. Bc2 h4 8. d4 g3 9. hxg3 hxg3 10. fxg3 cxd4 11. cxd4 Nc6 12. Nc3 Bg7 13. Nf3 Ng4 14. Ne2 Qa5 15. Bg5 Bd7 16. Bh4 Ne3 17. Qd3 Nxf1 18.
Rxf1 Nb4 19. Qd2 Rc8 20. Bb3 e6 21. e5 Bh6 22. Bg5 Bf8 23. a3 Nc6 24. Qf4 dxe5 25. Nxe5 Nxe5 26. dxe5 Bc5+ 27. Nd4 f5 28. exf6 Bxd4+ 29.
Qxd4 Qxg5 30. f7+ Ke7 31. f8=Q+ Rhxf8 32. Rxf8 Rxf8 0-1

[Event "*** Titled Tuesday Blitz"]
[Site "Chess.com"]
[Date "2020.05.26"]
[Round "8"]
[White "Witik"]
[Black "nikitakhoroshev"]
[Result "1-0"]
[WhiteElo "2659"]
[BlackElo "2446"]
[TimeControl "180+1"]
[EndTime "11:39:29 PDT"]
[Termination "Witik won by resignation"]

1. d4 Nf6 2. c4 d6 3. Nc3 e5 4.
Nf3 Nbd7 5. e4 Be7 6. Be2 O-O 7.
O-O c6 8. Re1 a6 9. Bf1 b5 10.
a3 Bb7 11. b4 Re8 12. Bb2 Bf8 13. a4 bxc4 14. Bxc4 exd4 15. Qxd4 c5 16. bxc5 dxc5 17. Bxf7+ Kxf7 18. Qc4+ Kg6 19. Nh4+ Kh5 20. Qf7+ g6 21.
Nxg6 hxg6 22. Re3 Bd6 23. Rh3+ Kg5 24. Bc1+ Bf4 25. Rg3+ Kh5 26. Qxg6+ 1-0

[Event "*** Titled Tuesday Blitz"]
[Site "Chess.com"]
[Date "2020.05.26"]
[Round "8"]
[White "Lagravesamuell"]
[Black "Spartakus1975"]
[Result "0-1"]
[WhiteElo "2476"]
[BlackElo "2687"]
[TimeControl "180+1"]
[EndTime "11:39:30 PDT"]
[Termination "Spartakus1975 won by resignation"]

1. d4 d5 2. c4 c6 3. cxd5 cxd5 4.
Bf4 Nc6 5. e3 Bf5 6. Nc3 e6 7.
Qb3 Qd7 8. Nf3 f6 9. h3 Nge7 10. g4 Bg6 11. g5 fxg5 12. Bxg5 Nf5 13. Bb5 Bd6 14. h4 Bh5 15. Be2 O-O 16. O-O-O Bxf3 17. Bxf3 Nfxd4 18. exd4 Rxf3 19. Be3 Na5 20. Qc2 Nc4 21. Qe2 Rf7 22. h5 Rc8 23. Kb1 b5 24. Qg4 b4 25.
Ne2 a5 26. Bf4 a4 27. Bxd6 Qxd6 28. f4 b3 29. Rc1 bxa2+ 30. Kxa2 Rb7 31. Rc2 Rxb2+ 32.
Rxb2 Qa3+ 0-1

[Event "*** Titled Tuesday Blitz"]
[Site "Chess.com"]
[Date "2020.05.26"]
[Round "8"]
[White "PetrolulSah"]
[Black "amiralfio"]
[Result "0-1"]
[WhiteElo "2198"]
[BlackElo "2401"]
[TimeControl "180+1"]
[EndTime "11:39:32 PDT"]
[Termination "amiralfio won by resignation"]

1. d4 d5 2. c4 c6 3. Nf3 Nf6 4. g3 dxc4 5. Bg2 Bf5 6. O-O e6 7. Ne5 Be7 8. Nc3 O-O 9. e4 Bg6 10. Nxc4 Nbd7 11. a4 h5 12. h4 c5 13. d5 exd5 14. exd5 Nb6 15. Nxb6 Qxb6 16. a5 Qd6 17. Nb5 Qd7 18. Qb3 a6 19. Nc3 Bd6 20. Na4 Rae8 21.
Nb6 Qc7 22. Nc4 Be4 23. Nxd6 Qxd6 24. Bf4 Qd7 25. Rad1 Bxg2 26. Kxg2 Re4 27. Qb6 Rxf4 28. gxf4 Qg4+ 29. Kh1 Qxh4+ 30. Kg2 Qg4+ 31. Kh1 Qh3+ 32. Kg1 Ng4 0-1

[Event "*** Titled Tuesday Blitz"]
[Site "Chess.com"]
[Date "2020.05.26"]
[Round "8"]
[White "Borsuk_Konstantin"]
[Black "letsgoband"]
[Result "0-1"]
[WhiteElo "2593"]
[BlackElo "2418"]
[TimeControl "180+1"]
[EndTime "11:39:33 PDT"]
[Termination "letsgoband won on time"]

1. d4 Nf6 2. c4 g6 3. Nc3 Bg7 4. e4 d6 5. f3 O-O 6. Be3 c5 7.
dxc5 dxc5 8. Qxd8 Rxd8 9. Bxc5 Nc6 10. Nd5 Be6 11. O-O-O Bxd5 12. exd5 b6 13. Ba3 Na5 14. Bxe7 Rdc8 15. b3 Nd7 16. Kb1 a6 17. Nh3 b5 18.
cxb5 Nxb3 19. b6 Na5 20. Bb4 Nxb6 21. Bxa5 Na4 22. Rd3 Rc5 23. Bd2 Rb5+ 24. Rb3 Rxd5 25. Kc2 Rc8+ 26. Kd1 Nc3+ 27. Kc2 Ne4+ 0-1

[Event "*** Titled Tuesday Blitz"]
[Site "Chess.com"]
[Date "2020.05.26"]
[Round "8"]
[White "BaMBoMaTTo"]
[Black "GM_dmitrij"]
[Result "1-0"]
[WhiteElo "2698"]
[BlackElo "2906"]
[TimeControl "180+1"]
[EndTime "11:39:34 PDT"]
[Termination "BaMBoMaTTo won by resignation"]

1. e4 e5 2. Nf3 Nc6 3. Bb5 a6 4.
Ba4 g6 5. c3 Bg7 6. O-O Nge7 7.
d4 exd4 8. cxd4 b5 9. Bb3 d6 10.
Nc3 O-O 11. h3 Na5 12. Bc2 c6 13. Bg5 h6 14. Bf4 g5 15. Bh2 f5 16. exf5 Bxf5 17.
Ne4 Nb7 18. Re1 Qd7 19. Bb3+ d5 20. Ne5 Bxe5 21. Bxe5 Bxe4 22. Rxe4 Ng6 23. Qh5 Nxe5 24. Rxe5 Rf6 25. Rae1 Qf7 26. Qe2 Nd6 27. Re7 Qf8 28.
Qe5 Nc4 29. Bxc4 bxc4 30. Re6 Kg7 31. Qc7+ Kg6 32. Qxc6 Rxe6 33. Rxe6+ Kh5 34. g4+ Kh4 35. Rxh6+ 1-0

[Event "*** Titled Tuesday Blitz"]
[Site "Chess.com"]
[Date "2020.05.26"]
[Round "8"]
[White "witcher8"]
[Black "vinniethepooh"]
[Result "1-0"]
[WhiteElo "2443"]
[BlackElo "2557"]
[TimeControl "180+1"]
[EndTime "11:39:34 PDT"]
[Termination "witcher8 won by resignation"]

1. e4 c5 2. Nf3 d6 3. d4 cxd4 4. Nxd4 Nf6 5. Nc3 a6 6. Be3 e5 7. Nb3 Be7 8. f3 O-O 9. Qd2 Be6 10. O-O-O Nbd7 11. g4 b5 12. g5 b4 13. gxf6 bxc3 14. Qxc3 Nxf6 15. Na5 Rc8 16. Nc6 Qe8 17. Nxe7+ Qxe7 18. Qa5 Rc6 19. Rg1 Rfc8 20. Rg2 Nh5 21. Rgd2 h6 22. Kb1 Kh7 23. Qa3 Qf6 24. Be2 Nf4 25. Bf1 Ng6 26. Be2 Nf4 27. Bf1 Nh5 28. Be2 g5 29. c3 Nf4 30. Bf1 Ng6 31. Be2 Rd8 32. c4 Bxc4 33. Bxc4 Rxc4 34. Bb6 Rdc8 35. Rxd6 Qxf3 36.
Qxf3 1-0

[Event "*** Titled Tuesday Blitz"]
[Site "Chess.com"]
[Date "2020.05.26"]
[Round "8"]
[White "SameerMujumdar"]
[Black "Chessialist"]
[Result "0-1"]
[WhiteElo "2323"]
[BlackElo "2542"]
[TimeControl "180+1"]
[EndTime "11:39:36 PDT"]
[Termination "Chessialist won by resignation"]

1. e4 d6 2. d4 Nf6 3. Nc3 g6 4. Be3 Bg7 5. Qd2 c6 6. f3 Qa5 7. g4 b5 8. h4 h5 9. g5 Nfd7 10. Bh3 Na6 11. f4 Nb6 12. Bxc8 Rxc8 13. b3 c5 14. Nge2 O-O 15. dxc5 Nxc5 16. Bd4 e5 17.
fxe5 dxe5 18. Bxc5 Rxc5 19. a3 b4 20. Nd5 Nxd5 21.
exd5 Rxd5 22. Qxb4 e4 23. Qxa5 Rxa5 24. c3 Rd8 25. Rh3 Rd3 26. Rxd3 exd3 27. Nd4 Bxd4 28.
cxd4 Rd5 29. O-O-O Rxd4 30. Kb2 Rxh4 31. Rxd3 Rg4 32.
Rd7 h4 33. b4 Rxg5 34. a4 h3 35. Rd2 Rg2 0-1

[Event "*** Titled Tuesday Blitz"]
[Site "Chess.com"]
[Date "2020.05.26"]
[Round "8"]
[White "gliglu"]
[Black "axvesik"]
[Result "1-0"]
[WhiteElo "2391"]
[BlackElo "2518"]
[TimeControl "180+1"]
[EndTime "11:39:40 PDT"]
[Termination "gliglu won by resignation"]

1. d4 Nf6 2. c4 e6 3. Nc3 Bb4 4. e3 O-O 5. Bd3 d5 6. Ne2 dxc4 7. Bxc4 c5 8. O-O Nc6 9. a3 Bxc3 10. bxc3 e5 11.
d5 Na5 12. Ba2 c4 13. e4 Nxe4 14. Be3 Qd6 15. Qa4 b6 16. Bxc4 Bd7 17. Bb5 Bxb5 18. Qxb5 Rac8 19. Rfd1 Nxc3 20. Nxc3 Rxc3 21. Qa6 Rc7 22.
Bd2 Nb3 23. Bb4 Nc5 24. Rac1 Rd8 25. Qe2 h6 26. Rc4 a5 27. Bc3 Re7 28. g3 e4 29.
Qe3 f5 30. Bxa5 Nd3 31. Bxb6 f4 32. gxf4 Nxf4 33. Bxd8 Qg6+ 34. Kf1 1-0

[Event "*** Titled Tuesday Blitz"]
[Site "Chess.com"]
[Date "2020.05.26"]
[Round "8"]
[White "BlackWidow515"]
[Black "TheoSlade"]
[Result "1-0"]
[WhiteElo "2147"]
[BlackElo "2320"]
[TimeControl "180+1"]
[EndTime "11:39:42 PDT"]
[Termination "BlackWidow515 won by checkmate"]

1. e4 e5 2. Nf3 Nc6 3. Bc4 Bc5 4.
c3 Nf6 5. d3 a6 6. Bb3 Ba7 7.
O-O d6 8. Nbd2 O-O 9. Re1 Ne7 10. Nf1 Ng6 11. Ng3 h6 12. d4 Re8 13. h3 c6 14. Bc2 Qc7 15. Be3 Be6 16. b3 Bb6 17. Qc1 Kh7 18. Qb2 Rad8 19. Rad1 d5 20. dxe5 Nxe5 21. Nxe5 Bxe3 22. Rxe3 Qxe5 23. exd5+ Ne4 24.
Rxe4 Qc7 25. Rxe6+ Kg8 26. Rxe8+ Rxe8 27. d6 Qd8 28. Bf5 g6 29. Bg4 h5 30. Bf3 Re6 31.
Qd2 Qd7 32. c4 c5 33. Qd5 b6 34. Ne4 Kg7 35. Ng5 Rf6 36. Qb7 Rxd6 37. Rxd6 Qxd6 38. Qxf7+ Kh6 39. Ne4 Qd4 40. h4 Qa1+ 41. Kh2 Qe5+ 42. g3 Qb2 43. Qf8+ Kh7 44. Ng5# 1-0

[Event "*** Titled Tuesday Blitz"]
[Site "Chess.com"]
[Date "2020.05.26"]
[Round "8"]
[White "FMOlexandrProhorov"]
[Black "chesslh19"]
[Result "1/2-1/2"]
[WhiteElo "2070"]
[BlackElo "2160"]
[TimeControl "180+1"]
[EndTime "11:39:43 PDT"]
[Termination "Game drawn by agreement"]

1. e4 c5 2. c3 Nf6 3. e5 Nd5 4. Nf3 d6 5. Bc4 Nb6 6. Bb3 Nc6 7. exd6 e6 8. d4 cxd4 9. Nxd4 Nxd4 10.
Qxd4 Qxd6 11. Qg4 Qd3 12. Bd1 Qg6 13. Qf3 Be7 14. O-O O-O 15. Nd2 Nd5 16. Bb3 Bd7 17. Ne4 Bc6 18. Qe2 Nf6 19. Ng3 Ne4 20. Bc2 Nxg3 21.
hxg3 Qf6 22. Be3 Qe5 23. Rfe1 Bf6 24. Rad1 b6 25. Qc4 Bd5 26. Qa4 Qc7 27. Bf4 Qc6 28. f3 Qxa4 29. Bxa4 Bxa2 1/2-1/2

[Event "*** Titled Tuesday Blitz"]
[Site "Chess.com"]
[Date "2020.05.26"]
[Round "8"]
[White "Caterpiller35"]
[Black "Artem_Sadovsky"]
[Result "0-1"]
[WhiteElo "2293"]
[BlackElo "2525"]
[TimeControl "180+1"]
[EndTime "11:39:44 PDT"]
[Termination "Artem_Sadovsky won on time"]

1. d4 g6 2. e4 Bg7 3. Nc3 d6 4. Be3 e5 5. Nge2 Nc6 6. Qd2 f5 7. exf5 Bxf5 8. O-O-O Nf6 9. h3 h5 10. dxe5 Nxe5 11. Ng3 Be6 12. f4 Nc4 13. Bxc4 Bxc4 14. f5 h4 15. Qd4 b5 16. Rhe1 hxg3 17. Bg5+ Kf7 18. Ne4 Nxe4 19. Qxe4 Qxg5+ 20. Kb1 gxf5 21. Qc6 Rae8 0-1

[Event "*** Titled Tuesday Blitz"]
[Site "Chess.com"]
[Date "2020.05.26"]
[Round "8"]
[White "gumimis"]
[Black "atwalcb"]
[Result "0-1"]
[WhiteElo "2189"]
[BlackElo "2380"]
[TimeControl "180+1"]
[EndTime "11:39:47 PDT"]
[Termination "atwalcb won by resignation"]

1. e4 d6 2. d4 Nf6 3. Nc3 Nbd7 4. Nf3 e5 5. Rg1 c6 6. g4 h6 7. h4 exd4 8. Nxd4 Ne5 9. f3 Ng6 10. g5 hxg5 11. hxg5 Nh5 12. Be3 Nh4 13. Rh1 Ng3 14. Rg1 Nxf1 15. Rxf1 Ng2+ 16. Kd2 Nxe3 17. Kxe3 Qxg5+ 18. Kd3 g6 19. Qe2 Bg7 20. Qf2 Qc5 21. Rad1 b6 22.
Ke2 Ba6+ 23. Ke1 Bxf1 24. Kxf1 Rh1+ 25. Ke2 Rxd1 26. Kxd1 Qxd4+ 27. Qxd4 Bxd4 0-1

[Event "*** Titled Tuesday Blitz"]
[Site "Chess.com"]
[Date "2020.05.26"]
[Round "8"]
[White "Tacticusbd"]
[Black "CHESSMASTER759"]
[Result "0-1"]
[WhiteElo "2441"]
[BlackElo "2653"]
[TimeControl "180+1"]
[EndTime "11:39:48 PDT"]
[Termination "CHESSMASTER759 won on time"]

1. e4 d6 2. d4 Nf6 3. Nc3 e5 4. Nge2 Nbd7 5. g3 g6 6. Bg2 Bg7 7. h3 O-O 8. O-O b6 9. g4 Ba6 10. Re1 h5 11. g5 Nh7 12. h4 f6 13. dxe5 dxe5 14. Bh3 Nc5 15. Qxd8 Raxd8 16. b4 Bxe2 17. Rxe2 Na6 18. Nd5 fxg5 19. Be6+ Kh8 20. hxg5 Rd6 21. Bh3 c6 22. b5 cxd5 23. bxa6 Rfd8 24. Ba3 Rc6 25.
exd5 Rc3 26. Be7 Rxd5 27. Bg2 Rd4 28. Rae1 Kg8 0-1

[Event "*** Titled Tuesday Blitz"]
[Site "Chess.com"]
[Date "2020.05.26"]
[Round "8"]
[White "Walter_White_Poland"]
[Black "dianosky"]
[Result "0-1"]
[WhiteElo "2188"]
[BlackElo "2379"]
[TimeControl "180+1"]
[EndTime "11:39:48 PDT"]
[Termination "dianosky won on time"]

1. e4 c5 2. c4 Nc6 3. Nc3 e5 4. d3 Nge7 5. f4 d6 6. Nf3 h6 7.
Be2 exf4 8. Bxf4 g5 9. Bg3 Ng6 10.
O-O Bg7 11. Nb5 Nce5 12. d4 cxd4 13. Nfxd4 a6 14. Nf5 Bxf5 15. Nxd6+ Kf8 16. exf5 Nf4 17. Bxf4 gxf4 18. Kh1 Qb6 19. c5 Qxc5 20. Rc1 Qb6 21. Qd5 Rd8 22. Rfd1 Bf6 23. Bh5 Ke7 24. Bxf7 Rxd6 25.
Qxd6+ Qxd6 26. Rxd6 Kxd6 27. Bb3 b5 28. Rd1+ Ke7 0-1

[Event "*** Titled Tuesday Blitz"]
[Site "Chess.com"]
[Date "2020.05.26"]
[Round "8"]
[White "Tenamu"]
[Black "Ranindu2003"]
[Result "1/2-1/2"]
[WhiteElo "2381"]
[BlackElo "2509"]
[TimeControl "180+1"]
[EndTime "11:39:53 PDT"]
[Termination "Game drawn by repetition"]

1. d4 d5 2. Nc3 Nf6 3. Bf4 a6 4. e3 e6 5. Nf3 c5 6. Ne5 Nc6 7. Be2 Bd6 8. Qd2 cxd4 9. exd4 Qc7 10. Qe3 Nd7 11. Nxd5 Qa5+ 12. Nc3 Ncxe5 13. dxe5 Bxe5 14.
Bxe5 Qxe5 15. Qxe5 Nxe5 16. O-O-O O-O 17. f4 Ng6 18. g3 b5 19. Bf3 Rb8 20. h4 Bb7 21. Bxb7 Rxb7 22. Rd6 a5 23. Rhd1 h5 24. Rd7 Rfb8 25. Rxb7 Rxb7 26. Ne4 f6 27. Rd8+ Kh7 28. Nd6 Rb6 29. Ne8 Rb7 30. Nd6 Rb6 31. Rd7 Nf8 32.
Rd8 Ng6 1/2-1/2